 Dungeon Crawl Stone Soup version 0.17.1-3-g152610e (webtiles) character file.

81 Goblin1989 the Poker (level 4, -5/33 HPs)
             Began as a Demonspawn Gladiator on May 1, 2016.
             Killed from afar by a white imp (10 damage)
             ... with a puff of frost
             ... summoned by Natasha
             ... on level 2 of the Dungeon.
             The game lasted 00:03:03 (1279 turns).

Goblin1989 the Poker (Demonspawn Gladiator)         Turns: 1279, Time: 00:03:03

Health: -5/33      AC:  8    Str: 17    XL:     4   Next: 20%
Magic:  4/4        EV:  7    Int:  9    God:
Gold:   117        SH:  0    Dex: 13    Spells: 0 memorised, 3 levels left

rFire  + . .     SeeInvis .     a - +0 trident
rCold  . . .     Clarity  .     r - +0 chain mail
rNeg   . . .     SustAt   .     (no shield)
rPois  .         Gourm    .     (helmet restricted)
rElec  .         Spirit   .     (no cloak)
rCorr  .         Warding  .     (no gloves)
rMut   .         Stasis   .     (no boots)
MR     .....                    (no amulet)
Stlth  ..........               (no ring)
                                m - ring of protection from fire

@: not resistant to hostile enchantments, extremely unstealthy
A: horns 1, powered by death 2
a: no special abilities


You were on level 2 of the Dungeon.
You were not hungry.

You visited 1 branch of the dungeon, and saw 2 of its levels.

You collected 117 gold pieces.

Inventory:

Hand Weapons
 a - a +0 trident (weapon)
Missiles
 d - 3 throwing nets (quivered)
Armour
 b - a +0 leather armour
 r - a +0 chain mail (worn)
Jewellery
 m - a ring of protection from fire (left hand)
Scrolls
 f - 2 scrolls of identify {unknown}
 h - a scroll of magic mapping {unknown}
 i - a scroll of remove curse {unknown}
 k - a scroll of enchant weapon {unknown}
 o - a scroll of noise {unknown}
Potions
 j - a potion of might {unknown}
 n - a potion of cure mutation {unknown}
 p - 4 potions of poison {unknown}
 q - a potion of beneficial mutation {unknown}
Comestibles
 e - 3 bread rations
 g - 2 beef jerkies
 l - a royal jelly


   Skills:
 - Level 2.0 Fighting
 * Level 4.6 Polearms
 - Level 1.7 Throwing
 - Level 2.6 Dodging


You had 3 spell levels left.
You didn't know any spells.

Dungeon Overview and Level Annotations

Branches:
Dungeon (2/15)

Altars:

Annotations:
D:2 Natasha


Innate Abilities, Weirdness & Mutations

You have a pair of small horns on your head.
You regenerate health from kills.


Message History

You resist with some effort.
You finish putting on your +0 chain mail.
You take 9 damage, and have 18/33 hp.
MASSIVE DAMAGE!!
Unknown command.
You hit Natasha. You headbutt Natasha.
Natasha casts a spell.
Your chain mail prevents you from hitting Natasha.
You headbutt Natasha, but do no damage. Natasha claws you but does no damage.
Natasha claws you.
You take 2 damage, and have 17/33 hp.
You hit Natasha.
You feel yourself speed up. The white imp gestures at you.
The puff of frost hits you!
* * * LOW HITPOINT WARNING * * *
Natasha claws you.
* * * LOW HITPOINT WARNING * * *
The white imp gestures at you. The puff of frost hits you!
You die...

#............# #...............
#............#####.#####.###.....
#..................#...†.###.####
#..................#.######.....#
#.......##.........#.# #.....#
#.......#####........# #.....#
#.......#####........# ##.####
................5....#######.#
...#...........h@............#
..............####...........####
..............# #...............
#####.........####...........####
#÷..........##.............#
#...........##.............#
#...........##.............#
#.........#######..........#
#.........# #..........#


You could see Natasha and a white imp.

Vanquished Creatures
  Jessica (D:2)
  2 adders (D:2)
  A worm (D:2)
  2 giant geckos
  A giant cockroach (D:2)
  5 hobgoblins
  6 bats
  2 giant newts (D:1)
  6 goblins
  5 kobolds
  4 rats
35 creatures vanquished.

Vanquished Creatures (others)
  A fungus (D:2)
1 creature vanquished.

Grand Total: 36 creatures vanquished

Notes
Turn   | Place    | Note
--------------------------------------------------------------
     0 | D:1      | Goblin1989 the Demonspawn Gladiator began the quest for the Orb.
     0 | D:1      | Reached XP level 1. HP: 16/16 MP: 1/1
   136 | D:1      | Reached skill level 3 in Polearms
   217 | D:1      | Gained mutation: You regenerate a little health from kills. [demonic ancestry]
   217 | D:1      | Reached XP level 2. HP: 20/22 MP: 2/2
   845 | D:2      | Gained mutation: You regenerate health from kills. [demonic ancestry]
   845 | D:2      | Reached XP level 3. HP: 27/27 MP: 3/3
   864 | D:2      | Reached skill level 4 in Polearms
  1044 | D:2      | Found a faded altar to an unknown god.
  1056 | D:2      | Noticed Jessica
  1060 | D:2      | Killed Jessica
  1060 | D:2      | Gained mutation: You have a pair of small horns on your head. [demonic ancestry]
  1060 | D:2      | Reached XP level 4. HP: 33/33 MP: 4/4
  1236 | D:2      | Noticed Natasha
  1279 | D:2      | Killed from afar by a white imp

Action                   |  1- 3 |  4- 6 || total
-------------------------+-------+-------++-------
Melee: Trident           |   118 |    21 ||   139
 Stab: Sleeping          |     1 |       ||     1
  Eat: Chunk             |       |     1 ||     1
